 Dungeon Crawl Stone Soup version 0.19-a0-36-g4a0968a (webtiles) character file.

2440 Zhenya25pyc the Basher (level 9, -1/58 HPs)
             Began as a Gargoyle Fighter on May 4, 2016.
             Killed from afar by an orc wizard (4 damage)
             ... with a magic dart
             ... on level 8 of the Dungeon.
             The game lasted 00:13:42 (6267 turns).

Zhenya25pyc the Basher (Gargoyle Fighter)           Turns: 6267, Time: 00:13:43

Health: -1/58      AC: 26    Str: 22    XL:     9   Next: 49%
Magic:  9/9        EV:  7    Int: 11    God:
Gold:   410        SH: 10    Dex: 19    Spells: 0 memorised, 8 levels left

rFire  . . .     SeeInvis +     w - +2 flail (protect)
rCold  . . .     Gourm    .     b - +0 scale mail
rNeg   + . .     Faith    .     c - +0 shield
rPois  ∞         Spirit   .     D - +2 helmet of the Elven Halls {Int+2}
rElec  +         Dismiss  .     u - +0 cloak
rCorr  .         Reflect  .     E - +0 pair of gloves
SustAt .         Harm     .     (no boots)
MR     .....                    B - amulet of Relativism {+Rage MR- Dex+7 SInv}
Stlth  ++........               (no ring)
                                (no ring)

@: not resistant to hostile enchantments, unstealthy
A: thin skeletal structure 1, yellow scales 1, camouflage 1, negative energy
resistance 1, screaming 1, electricity resistance, unbreathing, petrification
resistance, rot immunity, AC +5
a: Evoke Berserk Rage


You were on level 8 of the Dungeon.
You were not hungry.

You visited 1 branch of the dungeon, and saw 8 of its levels.

You collected 410 gold pieces.

Inventory:

Hand Weapons
 w - a +2 flail of protection (weapon)
 K - a +0 giant spiked club
Armour
 b - a +0 scale mail (worn)
 c - a +0 shield (worn)
 u - a +0 cloak (worn)
 D - the +2 helmet of the Elven Halls (worn) {Int+2}
   (You found it on level 5 of the Dungeon)

   It affects your intelligence (+2).
 E - a +0 pair of gloves (worn)
Jewellery
 B - the amulet of Relativism (around neck) {+Rage MR- Dex+7 SInv}
   (You found it on level 5 of the Dungeon)

   [amulet of rage]

   It affects your dexterity (+7).
   It affects your resistance to hostile enchantments.
   It lets you see invisible.
   It lets you go berserk.
 C - an uncursed ring of positive energy {unknown}
 F - an uncursed amulet of faith {unknown}
Scrolls
 a - a scroll of enchant weapon {unknown}
 i - 2 scrolls of enchant armour {unknown}
 j - a scroll of magic mapping {unknown}
 l - 3 scrolls of remove curse {unknown}
 m - 8 scrolls of identify {unknown}
 q - a scroll of amnesia {unknown}
 r - 2 scrolls of teleportation {unknown}
 s - 2 scrolls of immolation {unknown}
 v - a scroll of fog {unknown}
 y - a scroll of random uselessness {unknown}
 I - a scroll of recharging {unknown}
Potions
 d - a potion of might
 e - a potion of haste {unknown}
 g - 2 potions of degeneration {unknown}
 h - 5 potions of flight {unknown}
 n - 4 potions of curing {unknown}
 o - a potion of agility {unknown}
 p - a potion of invisibility
 z - a potion of berserk rage {unknown}
 A - a potion of mutation {unknown}
 J - a potion of ambrosia {unknown}
Comestibles
 f - 8 bread rations
 k - 4 meat rations
 t - 6 fruits
 x - 3 beef jerkies
 G - 2 slices of pizza
 H - 2 chunks of flesh


   Skills:
 + Level 7.7 Fighting
 * Level 9.0 Maces & Flails
 + Level 7.6 Armour
 - Level 3.2 Shields


You had 8 spell levels left.
You didn't know any spells.

Dungeon Overview and Level Annotations

Branches:
Dungeon (8/15)             Temple (0/1) D:6
   Lair: D:8-11

Altars:
Dithmenos
Kikubaaqudgha
Makhleb
Ru
Sif Muna
Yredelemnul
The Shining One


Innate Abilities, Weirdness & Mutations

You are resistant to torment.
Your stone body is resilient (AC +5).
You are immune to poison.
You resist negative energy.
You are resistant to electric shocks.
You can survive without breathing.
You are immune to petrification.
You are immune to rotting.
You have a somewhat thin skeletal structure (Dex +2, Stealth).
You are partially covered in yellow scales (AC +2).
Your skin changes colour to match your surroundings (Stealth).
You occasionally shout uncontrollably at your foes.


Message History

The mottled dragon claws you but does no damage.
You are covered in liquid flames!
* * * LOW HITPOINT WARNING * * *
The orc wizard hits you with a dagger.
* * * LOW HITPOINT WARNING * * *
Unknown command.
You are too injured to fight recklessly!
You are too injured to fight recklessly!
You are too injured to fight recklessly!
You are too injured to fight recklessly!
You are too injured to fight recklessly!
You barely miss the orc wizard. You block the orc wizard's attack.
The mottled dragon bites you.
* * * LOW HITPOINT WARNING * * *
You block the mottled dragon's attack. You block the orc wizard's attack.
You sock the orc wizard!
The orc wizard is heavily wounded.
The orc wizard gestures at you while chanting.
The magic dart hits you!
You die...

#c ##.....## .≈
##...# # #C #.....###
##. ##### #.###....
.≈ #.≈[### #........
#. ####.##.#
#..####..
#?##.##.##.##.# #..#
#(. #≈..≈(CcTDo..≈#
#..# #..
#.##.##§##@##.# #..#
#.. #.
####.########..####..
$≈ #≈≈≈# #...(....(..
### ##%##
#####..####.# ##'#
#..........[(
#..####.####.#.####
#............#.#
#.#####.######.# #.
#.######.#


You could see a centaur warrior, a cyclops, a troll, a mottled dragon and an orc
wizard.

Vanquished Creatures
  A spriggan (D:7)
  2 ice beasts
  2 sky beasts
  A phantom (D:4)
  4 ogres
  A centaur (D:8)
  A giant frog (D:7)
  A scorpion (D:8)
  A howler monkey (D:6)
  2 crimson imps (D:5)
  4 giant frog zombies
  A jelly (D:3)
  3 hounds
  An orc priest (D:3)
  Crazy Yiuf (D:3)
  A giant frog skeleton (D:7)
  2 iguanas
  10 worker ants
  Ijyb (D:2)
  Natasha (thrice) (D:4)
  4 orc wizards
  A hound zombie (D:8)
  A hound skeleton (D:6)
  Robin (D:2)
  10 adders
  3 gnolls (D:4)
  3 shadow imps
  2 oozes
  An adder skeleton (D:4)
  A worm (D:2)
  3 dart slugs (D:1)
  7 giant geckos
  24 orcs
  6 giant cockroaches
  9 goblins
  13 hobgoblins
  22 jackals
  10 kobolds
  3 quokkas
  A ball python (D:3)
  7 bats
  5 giant newts
  A jackal zombie (D:7)
  A quokka skeleton (D:6)
  4 rats
186 creatures vanquished.

Notes
Turn   | Place    | Note
--------------------------------------------------------------
     0 | D:1      | Zhenya25pyc the Gargoyle Fighter began the quest for the Orb.
     0 | D:1      | Reached XP level 1. HP: 14/14 MP: 1/1
   174 | D:1      | Reached XP level 2. HP: 19/19 MP: 2/2
   303 | D:1      | Reached XP level 3. HP: 22/23 MP: 3/3
   328 | D:1      | Found a glowing golden altar of the Shining One.
   744 | D:2      | Noticed Robin
   772 | D:2      | Killed Robin
   772 | D:2      | Reached skill level 3 in Maces & Flails
   772 | D:2      | Reached XP level 4. HP: 5/29 MP: 4/4
  1186 | D:2      | Noticed Ijyb
  1216 | D:2      | Killed Ijyb
  1521 | D:2      | Reached XP level 5. HP: 32/33 MP: 5/5
  1653 | D:3      | Reached skill level 4 in Maces & Flails
  1717 | D:3      | Noticed Crazy Yiuf
  1725 | D:3      | Killed Crazy Yiuf
  1846 | D:3      | Found a shadowy altar of Dithmenos.
  1978 | D:3      | Reached XP level 6. HP: 38/39 MP: 6/6
  2327 | D:4      | Reached skill level 5 in Maces & Flails
  2376 | D:4      | Reached skill level 5 in Fighting
  2389 | D:4      | Reached skill level 5 in Armour
  2391 | D:4      | Reached XP level 7. HP: 5/44 MP: 7/7
  2822 | D:4      | Noticed Natasha
  2827 | D:4      | Killed Natasha
  2877 | D:4      | Noticed Natasha
  2883 | D:4      | Killed Natasha
  2949 | D:4      | Reached skill level 6 in Maces & Flails
  3217 | D:4      | Found a deep blue altar of Sif Muna.
  3340 | D:4      | Noticed Natasha
  3349 | D:4      | Killed Natasha
  3619 | D:5      | Entered Level 5 of the Dungeon
  3652 | D:5      | Reached XP level 8. HP: 45/51 MP: 8/8
  3789 | D:5      | Got a wavering bone amulet
  3790 | D:5      | Identified the amulet of Relativism {+Rage MR- Dex+7 SInv} (You found it on level 5 of the Dungeon)
  3982 | D:5      | Found a sacrificial altar of Ru.
  3994 | D:5      | Got a transparent helmet
  4005 | D:5      | Identified the +2 helmet of the Elven Halls {Int+2} (You found it on level 5 of the Dungeon)
  4114 | D:5      | Found a burning altar of Makhleb.
  4394 | D:5      | Found an ancient bone altar of Kikubaaqudgha.
  4628 | D:6      | Reached skill level 7 in Maces & Flails
  4991 | D:6      | Found a staircase to the Ecumenical Temple.
  5822 | D:7      | Reached skill level 8 in Maces & Flails
  5822 | D:7      | Reached XP level 9. HP: 57/57 MP: 9/9
  5998 | D:8      | Found a basalt altar of Yredelemnul.
  6205 | D:8      | Reached skill level 9 in Maces & Flails
  6213 | D:8      | Gained mutation: You occasionally shout uncontrollably at your foes. [mutagenic meat]
  6214 | D:8      | Gained mutation: You have a somewhat thin skeletal structure (Dex +2, Stealth). [mutagenic meat]
  6215 | D:8      | Gained mutation: Your skin changes colour to match your surroundings (Stealth). [mutagenic meat]
  6216 | D:8      | Gained mutation: You have supernaturally acute eyesight. [mutagenic meat]
  6217 | D:8      | Lost mutation: You have supernaturally acute eyesight. [mutagenic meat]
  6218 | D:8      | Gained mutation: You are partially covered in yellow scales (AC +2). [mutagenic meat]
  6253 | D:8      | Noticed a troll
  6254 | D:8      | Noticed a centaur warrior
  6255 | D:8      | Noticed a cyclops
  6266 | D:8      | HP: 2/58 [mottled dragon (6)]
  6267 | D:8      | Killed from afar by an orc wizard

Vault maps used:
D:1:      roderic_crossed_star, tso_metal_star
D:2:      serial_glass, glass_columns_a, glass_columns_c, glass_columns_c,
          glass_columns_a, feat_on_display, due_unseen_surprise,
          item_on_display_a, feat_on_display, uniq_natasha, uniq_iyjb,
          uniq_robin
D:3:      lemuel_doored_altar, uniq_crazy_yiuf_cottage
D:4:      minmay_opposing_rooms, led_sif_book
D:5:      nicolae_ru_awakened_eye, kennysheep_mini_moat, marbit_many_paths,
          first_bread
D:6:      minmay_temple_entry_from_below_a, serial_column_ruins,
          column_ruins_open_small, column_ruins_corridor_straight,
          column_ruins_open_small
D:7:      the_bakery
D:8:      hangedman_cross_veins, lemuel_crystal_altar,
          yredelemnul_altar_generic, kb_lookout_dungeons_type, wad_hexagon

Skill      XL: |  1  2  3  4  5  6  7  8  9 |
---------------+----------------------------+-----
Fighting       | 4 5 7 |  7.7
Maces & Flails | 3 4 5 6 8 9 |  9.0
Armour         | 4 5 7 |  7.6
Shields        | |  3.2

Action                   |  1- 3 |  4- 6 |  7- 9 || total
-------------------------+-------+-------+-------++-------
Melee: Flail             |   110 |   296 |   412 ||   818
       Unarmed           |       |     6 |       ||     6
  Eat: Chunk             |       |     6 |    19 ||    25
Armor: Scale mail        |    71 |   164 |   245 ||   480
Dodge: Dodged            |    41 |   103 |    98 ||   242
Block: Shield            |    57 |   157 |   220 ||   434
